Cogmind - Beta 16 @@@ ROGUE MODE // 2026.01.12 @ 14:08:57 Player: Lazz Result: Destroyed by G-67 Veteran with Field Laser Performance ------------- Evolutions (6) 3000 Regions Visited (9) 1800 Robots Destroyed (50) 250 Value Destroyed (2851) 2851 Prototype IDs (14) 280 Alien Tech Used (0) 0 Bonus (3360) 3360 TOTAL SCORE: 11541 Bonus ------- High Alert Combat Kills 209 Follower Combat Kills 479 Entered Garrisons 400 Used RIF Installer 1000 Entered DSFs 500 Registered with UFD 300 Met Optimus in HQ 500 Friendly Fire -28 Cogmind --------- Core Integrity 0/1150 Matter 82/300 Energy 100/100 System Corruption 8% Temperature Cool (21) Movement Core (100) Ox1 Location -4/Garrison Parts ------- > --- POWER (2) -------- (None) > --- PROPULSION (6) --- (None) > --- UTILITY (7) ------ (None) > --- WEAPON (4) ------- Compact Linear Accelerator > --- INVENTORY (5) ---- Compact Battery (154) Experimental Sensor Array Wave Gun Carbide Saw Peak State ------------ > --- POWER ------------ Light Angular Momentum Engine Light Antimatter Reactor > --- PROPULSION ------- Armored Huge Wheel Armored Huge Wheel Armored Huge Wheel > --- UTILITY ---------- Large Storage Unit Experimental Sensor Array Improved Signal Interpreter Active Sensor Suite Improved Force Field > --- WEAPON ----------- Tesla Rifle Wave Gun Heavy Machine Gun Enhanced Gauss Cannon > --- INVENTORY -------- Light Antimatter Reactor Advanced Cryofiber Web Compact Battery Large Matter Pod Authchip [R/Combat] Authchip [R/Combat] Authchip [R/Combat] Authchip [R/Combat] Tesla Rifle Gauss Rifle Heavy Machine Gun Mini Grenade Launcher Junk Cannon Carbide Saw [Rating: 112] Favorites ----------- Power Light Angular Momentum Engine Engine Light Angular Momentum Engine Power Core Micro Nuclear Core Reactor Light Antimatter Reactor Propulsion Wheel Leg Carbon-fiber Leg Wheel Wheel Utility Large Storage Unit Device Experimental Sensor Array Storage Large Storage Unit Processor Improved Signal Interpreter Protection Hardened Light Armor Plating Weapon Carbide Saw Energy Gun Wave Gun Ballistic Gun Assault Rifle Ballistic Cannon Enhanced Gauss Cannon Launcher Mini Grenade Launcher Special Weapon Junk Cannon Slashing Weapon Carbide Saw Build | -11 -10 -10 -7 -5 -5 -5 -5 -4 -4 ------- Run | Yrd Mat Sub Scr Fac Gar Fac DSF Fac Gar Slots Evolved 12 | . . . . 10 . . . 2 . Power 1 | . . . . 1 . . . . . Propulsion 4 | . . . . 3 . . . 1 . Utility 5 | . . . . 4 . . . 1 . Weapon 2 | . . . . 2 . . . . . Parts Attached 58 | 6 4 . 7 6 13 2 6 5 9 Power 10 | 1 . . 1 . 2 1 1 1 3 Engine 5 | 1 . . 1 . . 1 1 1 . Core 3 | . . . . . 2 . . . 1 Reactor 2 | . . . . . . . . . 2 Propulsion 13 | 2 1 . 2 . 4 . 3 1 . Treads . | . . . . . . . . . . Leg 5 | . . . . . 4 . 1 . . Wheel 8 | 2 1 . 2 . . . 2 1 . Hover . | . . . . . . . . . . Flight . | . . . . . . . . . . Utility 12 | 2 1 . 2 3 1 . 1 1 1 Device 8 | 1 1 . 1 1 1 . 1 1 1 Storage 2 | 1 . . 1 . . . . . . Processor 1 | . . . . 1 . . . . . Hackware . | . . . . . . . . . . Protection 1 | . . . . 1 . . . . . Artifact . | . . . . . . . . . . Weapon 23 | 1 2 . 2 3 6 1 1 2 5 Energy Gun 8 | . 2 . . 2 1 1 1 . 1 Energy Cannon . | . . . . . . . . . . Ballistic Gun 6 | 1 . . 1 . 1 . . 1 2 Ballistic Cannon 2 | . . . . . . . . . 2 Launcher 3 | . . . . . 2 . . 1 . Special Weapon 1 | . . . . 1 . . . . . Impact Weapon . | . . . . . . . . . . Slashing Weapon 3 | . . . 1 . 2 . . . . Piercing Weapon . | . . . . . . . . . . Special Melee Weapon . | . . . . . . . . . . Unidentified Prototypes 2 | . . . . 1 . . . . 1 Parts Lost 28 | . 2 . . . 10 . 2 3 11 Power 5 | . . . . . 2 . 1 1 1 Propulsion 7 | . 1 . . . 3 . . . 3 Utility 2 | . . . . . 1 . . . 1 Weapon 14 | . 1 . . . 4 . 1 2 6 Highest Loss Streak 11 | . 2 . . . 5 . 2 3 11 To Critical Strikes . | . . . . . . . . . . Average Backups 8 | 3 6 6 7 7 7 11 12 10 12 Power . | . . . . . . 3 1 . . Propulsion . | 1 2 2 . . . . . . . Utility 3 | . 2 3 4 4 3 4 6 6 6 Weapon 3 | 1 1 1 3 3 3 3 3 3 4 Tool/Special . | . . . . . . . . . . Unused Backups 14 | 1 . . 5 . 1 . 1 . 6 Power 1 | 1 . . . . . . . . . Propulsion . | . . . . . . . . . . Utility 11 | . . . 3 . 1 . 1 . 6 Weapon 2 | . . . 2 . . . . . . Tool/Special . | . . . . . . . . . . Average Slot Usage (%) 68 | . 97 100 88 59 47 55 66 70 63 Engine 6 | . 14 14 14 5 1 2 3 5 3 Core 1 | . . . . . 2 5 5 5 3 Leg 1 | . . . . . 3 11 9 . . Wheel 14 | . 28 28 28 11 3 . 4 14 12 Device 9 | . 14 14 14 10 4 . 6 13 13 Storage 8 | . 14 14 14 5 5 5 5 5 4 Processor 3 | . . . . 4 5 5 5 5 4 Energy Gun 6 | . 11 14 3 9 5 11 15 11 6 Ballistic Gun 4 | . 14 14 3 . 2 5 1 4 6 Slashing Weapon 5 | . . . 10 . 4 5 5 2 . Peak Build Rating 112 | 8 10 10 30 52 52 42 95 108 112 Average Rating 39 | 4 9 9 22 50 35 41 69 104 94 On Entrance 39 | . 8 9 10 30 52 36 42 95 108 Avg Prop Armor Cover (%) 4 | . . . . . 3 . 5 . . Naked Turns 35 | . . . . . . . . . 35 Heaviest Build 82 | 11 13 13 35 61 66 50 57 73 82 Greatest Support 84 | 26 26 20 20 20 30 30 56 84 84 Greatest Overweight (x) 13 | . . . 1 3 13 1 1 . . Average Overweight (x) . | . . . . 3 3 1 . . . Largest Inventory Capacity 15 | 8 8 8 15 15 15 15 15 15 15 Average Capacity 12 | 7 8 8 10 15 15 15 15 15 13 Most Carried 15 | 8 7 7 14 14 13 12 15 15 15 Average Carried 9 | 4 6 6 8 8 8 11 14 11 12 Final Capacity 15 | 8 8 8 15 15 15 15 15 15 5 Final Carried 15 | 7 6 7 14 8 13 11 15 13 4 Scrap Suit Usage (%) 13 | . . . . 92 30 . . . . Class Distribution -------------------- 60% | Mutant 9% | Scavenger-Mutant 6% | Tank 6% | Scavenger-Skirmisher 6% | Skirmisher 5% | Scavenger-Assassin 3% | Scavenger-Tank Dominant Class ---------------- Mutant | -10/Materials Mutant | -10/Subcaves Mutant | -7/Scraptown Skirmisher | -5/Factory Mutant | -5/Garrison Mutant | -5/Factory Scavenger-Assassin | -5/DSF Scavenger-Assassin | -4/Factory Skirmisher | -4/Garrison Resources | -11 -10 -10 -7 -5 -5 -5 -5 -4 -4 ----------- Run | Yrd Mat Sub Scr Fac Gar Fac DSF Fac Gar Matter Collected 1669 | 356 167 25 189 . 351 . 92 111 378 Remotely . | . . . . . . . . . . Salvage Created 1921 | 148 233 53 . . 699 . 71 293 424 Parts 95 | 16 14 6 . . 24 . 4 9 22 Haulers Intercepted . | . . . . . . . . . . Recyclers Shooed 2 | 1 1 . . . . . . . . Parts Field Recycled . | . . . . . . . . . . Retrieved Matter . | . . . . . . . . . . Parts Self-Destructed 3 | . . 3 . . . . . . . Prevented 2 | . . 2 . . . . . . . Parts Restored . | . . . . . . . . . . Kills | -11 -10 -10 -7 -5 -5 -5 -5 -4 -4 ------- Run | Yrd Mat Sub Scr Fac Gar Fac DSF Fac Gar Combat Hostiles Destroyed 44 | . 4 3 . . 18 . 1 5 13 Melee 4 | . . . . . 4 . . . . Guns 22 | . 4 3 . . 6 . . 4 5 Cannons 5 | . . . . . . . . . 5 AOE 10 | . . . . . 6 . 1 1 2 Classes Destroyed 12 | 3 2 1 . . 1 . 1 2 2 Worker 1 | 1 . . . . . . . . . Builder 2 | . 2 . . . . . . . . Tunneler 2 | 2 . . . . . . . . . Recycler 1 | 1 . . . . . . . . . Swarmer 15 | . . 3 . . 6 . . . 6 Cutter 4 | . . . . . 3 . . . 1 Grunt 20 | . 4 . . . 9 . . 3 4 Duelist 1 | . . . . . . . . 1 . Hunter 1 | . . . . . . . . 1 . Programmer 1 | . . . . . . . . . 1 Heavy 1 | . . . . . . . 1 . . Striker 1 | . . . . . . . . . 1 Best Kill Streak 6 | 2 2 3 . . 6 . 1 5 5 Combat Bots Only 6 | . 2 3 . . 6 . 1 5 5 Max Kills in Single Turn 3 | 1 1 1 . . 3 . 1 2 1 Gunslinging 1 | . . . . . . . . 1 . Exploded 3 | . . . . . 3 . 1 1 1 Melee 1 | . . . . . 1 . . . . Uniques/NPCs Destroyed . | . . . . . . . . . . Combat | -11 -10 -10 -7 -5 -5 -5 -5 -4 -4 -------- Run | Yrd Mat Sub Scr Fac Gar Fac DSF Fac Gar Hostile Shots Fired 417 | . 35 9 . . 89 . 19 33 232 Missed 141 | . 14 3 . . 21 . 5 11 87 Hits 276 | . 21 6 . . 68 . 14 22 145 Melee 19 | . . . . . 8 . . . 11 Projectile 257 | . 21 6 . . 60 . 14 22 134 AOE 1 | . . . . . . . . . 1 Critical Strikes 19 | . 3 . . . 5 . 1 1 9 Damage Taken 5705 | . 284 47 . . 1441 . 448 374 3111 Core 1611 | . 91 7 . . 216 . 144 . 1153 Absorbed by Shields 282 | . . . . . . . . 92 190 Core Remaining (%) 74 | 100 . . 60 . . . 64 . . Volleys Fired 149 | 34 24 4 . . 33 . 5 8 41 Largest 4 | 1 2 2 . . 4 . 3 4 4 Hottest 245 | 20 60 60 . . 218 . 215 245 223 Shots Fired 317 | 34 47 8 . . 74 . 15 24 115 Gun 264 | 34 47 8 . . 65 . 15 22 73 Cannon 32 | . . . . . . . . . 32 Launcher 17 | . . . . . 8 . . 2 7 Special 4 | . . . . . 1 . . . 3 Kinetic 151 | 34 24 4 . . 8 . . 8 73 Thermal 81 | . . . . . 57 . 10 8 6 Explosive 17 | . . . . . 8 . . 2 7 Electromagnetic 64 | . 23 4 . . . . 5 6 26 Impact 4 | . . . . . 1 . . . 3 Robot Hit Streak 20 | 7 7 5 . . 20 . 7 8 6 Robot Miss Streak 7 | 7 3 2 . . 4 . 2 2 6 Penetration Max . | . . . . . . . . . . Secondary Targets 3 | . 1 . . . . . . 2 . Max Gunslinging Chain 2 | . 1 . . . . . . 2 . Shots Hit Robots 192 | 21 28 5 . . 63 . 10 17 48 Core Hits 106 | 5 11 3 . . 46 . 5 13 23 Critical Kills 1 | . . . . . . . . . 1 Critical Parts Destroyed . | . . . . . . . . . . Critical Strikes 9 | . 1 . . . 5 . 1 . 2 Burn 2 | . . . . . 1 . 1 . . Destroy 1 | . . . . . . . . . 1 Blast 1 | . . . . . . . . . 1 Corrupt 1 | . 1 . . . . . . . . Sever 4 | . . . . . 4 . . . . Melee Attacks 28 | . . . . . 24 . . 4 . Impact . | . . . . . . . . . . Slashing 28 | . . . . . 24 . . 4 . Piercing . | . . . . . . . . . . Sneak Attacks . | . . . . . . . . . . Combat Hostiles . | . . . . . . . . . . Follow-up Attacks 4 | . . . . . 4 . . . . Damage Inflicted 5927 | 231 398 60 . . 2350 . 333 653 1902 Guns 2704 | 231 398 60 . . 744 . 211 377 683 Cannons 569 | . . . . . . . . . 569 Explosions 1810 | . . . . . 965 . 122 276 447 Melee 641 | . . . . . 641 . . . . Ramming . | . . . . . . . . . . Kinetic 1625 | 231 181 27 . . 69 . . 150 967 Thermal 1112 | . . . . . 675 . 274 138 25 Explosive 1688 | . . . . . 965 . . 276 447 Electromagnetic 658 | . 217 33 . . . . 59 89 260 Impact 203 | . . . . . . . . . 203 Slashing 641 | . . . . . 641 . . . . Piercing . | . . . . . . . . . . Highest Corruption 8 | . . . . . . . . 1 8 Average Corruption 1 | . . . . . . . . 1 1 Corruption Purged . | . . . . . . . . . . Corruption Blocked . | . . . . . . . . . . Effects 6 | . . . . . . . . . 6 Message Errors 1 | . . . . . . . . . 1 Matter Fused 1 | . . . . . . . . . 1 Heat Flow Errors 2 | . . . . . . . . . 2 Energy Discharges 1 | . . . . . . . . . 1 Weapon Failures 1 | . . . . . . . . . 1 Overload Shots . | . . . . . . . . . . Overflow Damage 126 | . . . . . 20 . . . 106 Projectiles 106 | . . . . . . . . . 106 Explosions . | . . . . . . . . . . Melee 20 | . . . . . 20 . . . . Knockbacks 2 | . . . . . . . . . 2 Impact . | . . . . . . . . . . Kinetic 2 | . . . . . . . . . 2 Secondary . | . . . . . . . . . . Self-Inflicted Damage 137 | . . . . . 24 . . 30 83 Shots 5 | . . . . . 1 . . 1 3 Rammed . | . . . . . . . . . . Targets Rammed . | . . . . . . . . . . Kicked . | . . . . . . . . . . Crushed . | . . . . . . . . . . Highest Temperature 525 | . 104 . . . 318 . 150 267 525 Average Temperature 139 | . 53 . . . 94 . 68 115 232 Received Heat Transfer 1070 | . 219 . . . 352 . 27 64 408 Effects 5 | . . . . . 1 . . . 4 Shutdowns 1 | . . . . . . . . . 1 Interference 1 | . . . . . 1 . . . . Matter Decay 2 | . . . . . . . . . 2 Damage (minor) 1 | . . . . . . . . . 1 Siege Activations . | . . . . . . . . . . Martial Activations . | . . . . . . . . . . Shielding Activations . | . . . . . . . . . . Robots Disrupted . | . . . . . . . . . . Combat Hostiles . | . . . . . . . . . . Robots Corrupted 1 | . . . . . . . . . 1 Combat Hostiles 1 | . . . . . . . . . 1 Parts Fried 2 | . . . . . . . . . 2 Impact Corruptions 2 | . . . . . . . . . 2 Robots Melted 2 | . . . . . 2 . . . . Combat Hostiles 2 | . . . . . 2 . . . . Parts Melted 1 | . . . . . . . 1 . . Heat Transferred 2184 | . . . . . 1492 . 433 222 37 Parts Sabotaged . | . . . . . . . . . . Parts Stolen . | . . . . . . . . . . Parts Stripped . | . . . . . . . . . . Power Chain Reactions 1 | . . . . . . . 1 . . Alert | -11 -10 -10 -7 -5 -5 -5 -5 -4 -4 ------- Run | Yrd Mat Sub Scr Fac Gar Fac DSF Fac Gar Maximum Alert Level 3 | . . . . . 3 2 2 1 2 Low Security (%) 20 | 100 100 . . 100 8 . . . . Level 1 31 | . . . . . 19 . 24 100 77 Level 2 24 | . . . . . 31 100 75 . 22 Level 3 22 | . . . . . 40 . . . . Level 4 . | . . . . . . . . . . Level 5 . | . . . . . . . . . . High Security . | . . . . . . . . . . Max Security . | . . . . . . . . . . Peak Influence 1017 | 10 60 . . . 1017 533 503 361 608 Initial 533 | . 3 . . . . 533 376 263 217 Average 435 | . 19 . . . 599 533 450 302 339 Influence Increases 2208 | 20 110 70 . . 1117 5 147 218 521 Destroy 0b10 Robot/C 1100 | . 80 60 . . 440 . 100 140 280 Destroy 0b10 Robot/NC 35 | 20 10 . . . 5 . . . . Destroy Leader 110 | . 20 10 . . 30 . 10 20 20 Allied During Kill 82 | . . . . . 17 . 23 34 8 Successful Hack 33 | . . . . . 14 5 . . 14 Disable Machine 15 | . . . . . . . . . 15 Anti-Garrison Action 450 | . . . . . 450 . . . . Destroy Structure 263 | . . . . . 116 . 14 24 109 Lose Combat Pursuer 120 | . . . . . 45 . . . 75 Influence Decreases 1600 | 15 105 50 30 . 100 484 182 410 224 Entered New Map 1018 | . 2 6 30 . . 484 162 240 94 Time Decay 282 | 15 83 44 . . . . . 140 . Lost Part 280 | . 20 . . . 100 . 20 30 110 Lost Ally 20 | . . . . . . . . . 20 Squads Dispatched 4 | . . . . . . . 2 2 . Investigation 1 | . . . . . . . . 1 . Extermination 1 | . . . . . . . . 1 . Reinforcement 2 | . . . . . . . 2 . . Assault . | . . . . . . . . . . Garrison . | . . . . . . . . . . Intercept . | . . . . . . . . . . Searches Triggered . | . . . . . . . . . . Construction Impeded . | . . . . . . . . . . Haulers Reinforced . | . . . . . . . . . . Active Scanning Responses 1 | . . . . . . . . . 1 Cargo Convoy Interrupts . | . . . . . . . . . . Stealth | -11 -10 -10 -7 -5 -5 -5 -5 -4 -4 --------- Run | Yrd Mat Sub Scr Fac Gar Fac DSF Fac Gar Distress Signals . | . . . . . . . . . . Communications Jammed . | . . . . . . . . . . Distress Signals . | . . . . . . . . . . Times Spotted 69 | . 4 3 . . 23 . 6 7 26 Peak Tracking Total 13 | . 2 3 . . 7 . 2 4 13 Tactical Retreats 5 | . . . . . 2 . . . 3 Traps | -11 -10 -10 -7 -5 -5 -5 -5 -4 -4 ------- Run | Yrd Mat Sub Scr Fac Gar Fac DSF Fac Gar Traps Triggered 13 | . . . . . 10 . 1 . 2 Indirectly . | . . . . . . . . . . Trap Hack Attempts . | . . . . . . . . . . Triggered . | . . . . . . . . . . Disarmed . | . . . . . . . . . . Reprogrammed . | . . . . . . . . . . Reused . | . . . . . . . . . . Traps Extracted . | . . . . . . . . . . Installed . | . . . . . . . . . . Triggered . | . . . . . . . . . . Machines | -11 -10 -10 -7 -5 -5 -5 -5 -4 -4 ---------- Run | Yrd Mat Sub Scr Fac Gar Fac DSF Fac Gar Machines Disabled 5 | . . . . . 4 . . . 1 Max in Single Turn 1 | . . . . . 1 . . . 1 Garrison Relay 4 | . . . . . 4 . . . . Machines Repaired . | . . . . . . . . . . Machines Dismantled . | . . . . . . . . . . Machines Sabotaged . | . . . . . . . . . . Overloaded Fab Kills . | . . . . . . . . . . Hacking | -11 -10 -10 -7 -5 -5 -5 -5 -4 -4 --------- Run | Yrd Mat Sub Scr Fac Gar Fac DSF Fac Gar Machines Accessed 11 | . . . 2 2 3 1 . 2 1 Terminals 5 | . . . . . 3 1 . . 1 Fabricators 1 | . . . . 1 . . . . . Repair Stations . | . . . . . . . . . . Recycling Units 1 | . . . . . . . . 1 . Scanalyzers . | . . . . . . . . . . Garrison Access 2 | . . . . 1 . . . 1 . Total Hacks 26 | . . . 10 2 7 3 . 2 2 Successful 17 | . . . 10 1 2 1 . 2 1 Failed 9 | . . . . 1 5 2 . . 1 Catastrophic 1 | . . . . 1 . . . . . Database Lockouts . | . . . . . . . . . . Manual 2 | . . . . 1 . . . 1 . Terminals 12 | . . . . . 7 3 . . 2 Fabricators 1 | . . . . 1 . . . . . Repair Stations . | . . . . . . . . . . Recycling Units 1 | . . . . . . . . 1 . Scanalyzers . | . . . . . . . . . . Garrison Access 2 | . . . . 1 . . . 1 . Terminal Hacks 14 | . . . 10 . 2 1 . . 1 Record 9 | . . . 9 . . . . . . Open DSF 1 | . . . . . . 1 . . . Emergency Access Points 2 | . . . . . 1 . . . 1 Patrol Navigation 1 | . . . . . 1 . . . . Proto ID Catalog 1 | . . . 1 . . . . . . Fabricator Hacks . | . . . . . . . . . . Repair Station Hacks . | . . . . . . . . . . Recycling Unit Hacks . | . . . . . . . . . . Scanalyzer . | . . . . . . . . . . Garrison Access Hacks 2 | . . . . 1 . . . 1 . Unlock Access 2 | . . . . 1 . . . 1 . Unauthorized Hacks 1 | . . . . . . . . 1 . Terminals . | . . . . . . . . . . Fabricators . | . . . . . . . . . . Repair Stations . | . . . . . . . . . . Recycling Units 1 | . . . . . . . . 1 . Fedlink 1 | . . . . . . . . 1 . Scanalyzers . | . . . . . . . . . . Garrison Access . | . . . . . . . . . . Data Cores Recovered . | . . . . . . . . . . Used . | . . . . . . . . . . Hacking Detections 7 | . . . . 1 3 1 . 1 1 Full Trace Events 1 | . . . . . 1 . . . . Feedback Events . | . . . . . . . . . . Feedback Blocked . | . . . . . . . . . . Robot Schematics Acquired . | . . . . . . . . . . Robots Built . | . . . . . . . . . . Authchips . | . . . . . . . . . . Time . | . . . . . . . . . . Total Robot Build Rating . | . . . . . . . . . . Part Schematics Acquired . | . . . . . . . . . . Parts Built . | . . . . . . . . . . Authchips . | . . . . . . . . . . Time . | . . . . . . . . . . Total Part Build Rating . | . . . . . . . . . . Part Studies Acquired . | . . . . . . . . . . Parts Repaired . | . . . . . . . . . . Time . | . . . . . . . . . . Parts Recycled . | . . . . . . . . . . Recycled Matter . | . . . . . . . . . . Retrieved Matter . | . . . . . . . . . . Retrieved Components . | . . . . . . . . . . Parts Scanalyzed . | . . . . . . . . . . Part Schematics Acquired . | . . . . . . . . . . Parts Damaged . | . . . . . . . . . . Bothacking | -11 -10 -10 -7 -5 -5 -5 -5 -4 -4 ------------ Run | Yrd Mat Sub Scr Fac Gar Fac DSF Fac Gar Used RIF Installer 2 | . . . . . 1 . . . 1 Robot Detection 1 | . . . . . . . . . 1 Robots Hacked . | . . . . . . . . . . Non-combat . | . . . . . . . . . . Combat . | . . . . . . . . . . Robot Hacks Applied . | . . . . . . . . . . Relay Couplers Released 18 | . . . . . 18 . . . . Machine Destruction 18 | . . . . . 18 . . . . Fabnet Peak Effective % . | . . . . . . . . . . Robots Rewired . | . . . . . . . . . . Allies Hacked . | . . . . . . . . . . Hacks Repelled . | . . . . . . . . . . Allies | -11 -10 -10 -7 -5 -5 -5 -5 -4 -4 -------- Run | Yrd Mat Sub Scr Fac Gar Fac DSF Fac Gar Total Allies 3 | . . . 1 . 2 . . . . Largest Group 2 | . . . 1 . 2 2 2 2 2 Highest-Rated Group 157 | . . . 39 . 157 157 157 157 157 Highest-Rated Ally 95 | . . . 39 . 95 95 95 95 95 Total Orders . | . . . . . . . . . . Ally Attacks 64 | . . . . . 17 . 23 14 10 Total Damage 2471 | . . . . . 669 . 903 783 116 Kills 12 | . . . . . 4 . 4 2 2 Allies Corrupted . | . . . . . . . . . . Allies Melted . | . . . . . . . . . . Intel | -11 -10 -10 -7 -5 -5 -5 -5 -4 -4 ------- Run | Yrd Mat Sub Scr Fac Gar Fac DSF Fac Gar Active Infowar (turns) 2665 | 2 299 200 1296 79 9 . 130 279 371 Sensors 1278 | . . . 624 79 9 . 130 279 157 A.S.S. 740 | . . . . . . . 95 274 371 Terrain 1173 | 2 299 200 672 . . . . . . Robot Analysis Total . | . . . . . . . . . . Derelict Logs Recovered . | . . . . . . . . . . Drone Launches . | . . . . . . . . . . Drone Recoveries . | . . . . . . . . . . Exploration | -11 -10 -10 -7 -5 -5 -5 -5 -4 -4 ------------- Run | Yrd Mat Sub Scr Fac Gar Fac DSF Fac Gar Turns Passed 4785 | 150 299 200 1299 79 1837 6 179 289 447 Spaces Moved 3111 | 74 94 183 1407 57 691 3 103 227 272 Core 152 | 11 . . . . 74 . . . 67 Treads . | . . . . . . . . . . Legs 375 | . . . . . 314 3 58 . . Wheels 2584 | 63 94 183 1407 57 303 . 45 227 205 Hover . | . . . . . . . . . . Flight . | . . . . . . . . . . Fastest Speed 50 | 50 80 80 80 125 95 190 115 100 50 Average Speed 118 | 84 84 80 84 125 219 190 142 100 87 Slowest Speed 700 | 90 90 80 95 125 700 190 190 100 100 Overloaded Moves . | . . . . . . . . . . Propulsion Burnouts . | . . . . . . . . . . Robots Hopped 6 | . . . 6 . . . . . . Potential Cave-ins . | . . . . . . . . . . Cave-ins Triggered . | . . . . . . . . . . Exploration Rate (%) 35 | 5 16 23 87 1 69 . 77 7 33 Regions Visited 9 Branch Regions 2 Pre-discovered Areas 1 | . . . 1 . . . . . . Known Exits Taken 3 | . . . . 1 . 1 . 1 . Unknown Exits Taken 4 | 1 1 1 1 . . . . . . Scrap Searched 9 | . . . 9 . . . . . . Spaces Dug . | . . . . . . . . . . Terrain Destroyed 136 | . . . . . 63 . 3 7 63 Melee . | . . . . . . . . . . Projectile 13 | . . . . . 1 . . . 12 AOE 123 | . . . . . 62 . 3 7 51 Terrain Rammed . | . . . . . . . . . . Walls Destroyed . | . . . . . . . . . . Machines Disabled . | . . . . . . . . . . Actions | -11 -10 -10 -7 -5 -5 -5 -5 -4 -4 --------- Run | Yrd Mat Sub Scr Fac Gar Fac DSF Fac Gar Total 3905 | 128 266 228 1516 65 902 4 125 266 405 Wait 362 | . 141 41 73 . 46 . . 9 52 Move 3092 | 73 93 182 1394 57 690 2 102 227 272 Hop 6 | . . . 6 . . . . . . Pick Up 72 | 14 3 1 18 1 16 . 7 7 5 Fast Attach 6 | . . . 1 . . . 4 . 1 Attach 54 | 6 3 . 3 6 18 2 3 7 6 Detach 9 | . . . . . 8 . 1 . . Swap 12 | . 1 . 4 . . . . 1 6 Drop 34 | 1 1 . 17 1 2 . 3 3 6 Fire 149 | 34 24 4 . . 33 . 5 8 41 Melee 23 | . . . . . 19 . . 4 . Ram . | . . . . . . . . . . Kick . | . . . . . . . . . . Crush . | . . . . . . . . . . Escape Stasis 86 | . . . . . 70 . . . 16 Rewire . | . . . . . . . . . . Trap . | . . . . . . . . . . Miscellaneous . | . . . . . . . . . . Route ------- -11/Scrapyard -10/Materials -10/Subcaves (discovered 2 exits: [*Mat] / *Scr) -7/Scraptown (discovered 2 exits: *Fac x2) -5/Factory -5/Garrison (discovered 3 exits: *Fac x3) -5/Factory -5/DSF -4/Factory -4/Garrison History --------- Turn | Location | Event 7 | -11/Scrapyard | Discovered new exit (range 16) 151 | -11/Scrapyard | Entered Materials 317 | -10/Materials | Build established: Mutant 419 | -10/Materials | Discovered new exit (range 7) 450 | -10/Materials | Entered Subcaves 451 | -10/Subcaves | Approached by a straggling Scientist 546 | -10/Subcaves | Discovered new exit (range 4) 636 | -10/Subcaves | Scientist uncovered a shortcut to Scraptown 650 | -10/Subcaves | Entered Scraptown 889 | -7/Scraptown | Heard Great Nut preacher, LISTEN AND RECITE! 893 | -7/Scraptown | Discovered new exit (range 7) 928 | -7/Scraptown | Visited Bundlers 988 | -7/Scraptown | Visited Scrapoid Research Area 1004 | -7/Scraptown | Visited Cave Peace 1052 | -7/Scraptown | Visited Cyclists 1077 | -7/Scraptown | Visited UFD Registry 1077 | -7/Scraptown | Registered with UFD as "Dualchassis" 1099 | -7/Scraptown | Entered Cyclist Reading Room 1118 | -7/Scraptown | Visited Science Testing Area 1293 | -7/Scraptown | Visited Junk Repository 1319 | -7/Scraptown | Visited Infowarlord's Domain 1324 | -7/Scraptown | Found Exp. Sensor Array 1343 | -7/Scraptown | Visited Botcube Research 1352 | -7/Scraptown | Found Lrg. Botcube 1368 | -7/Scraptown | Visited A0-MCA Data Center 1413 | -7/Scraptown | Visited LU-1G1's Boring Crew 1553 | -7/Scraptown | Visited Chapter 10 1568 | -7/Scraptown | Visited Junk Cannon Lab 1581 | -7/Scraptown | Found Prototype Special Weapon 1599 | -7/Scraptown | Visited Science Guys 1702 | -7/Scraptown | Lrg. Botcube activated 1712 | -7/Scraptown | Lrg. Botcube completed mutation into core form, armed with 1 gun, 1 launcher. 1835 | -7/Scraptown | Visited Scrap Suit Storage 1838 | -7/Scraptown | Found Scrap Suit 1894 | -7/Scraptown | Met Optimus 1894 | -7/Scraptown | Accepted into 0bPrime 1947 | -7/Scraptown | Discovered new exit (range 3) 1949 | -7/Scraptown | Entered Factory 1949 | -5/Factory | Evolved 10 slots: Power x1, Propulsion x3, Utility x4, Weapon x2 1953 | -5/Factory | Identified Junk Cannon 2028 | -5/Factory | Identified exit to Garrison 2028 | -5/Factory | Entered Garrison 2078 | -5/Garrison | Triggered checkpoint 2122 | -5/Garrison | Garrison Relay disabled 2268 | -5/Garrison | Triggered checkpoint 2316 | -5/Garrison | Triggered checkpoint 2341 | -5/Garrison | Build established: Tank 2342 | -5/Garrison | Discovered new exit (range 10) 2436 | -5/Garrison | Garrison Relay disabled 2593 | -5/Garrison | Lost 5 parts (2p1n2w) 2618 | -5/Garrison | Discovered new exit (range 8) 2656 | -5/Garrison | Triggered checkpoint 2709 | -5/Garrison | Lost 3 parts (1n1u1w) 2825 | -5/Garrison | Found embedded Infiltrators 2839 | -5/Garrison | Garrison Relay disabled 2950 | -5/Garrison | Build established: Mutant 2975 | -5/Garrison | Identified exit to Factory 3050 | -5/Garrison | Triggered checkpoint 3116 | -5/Garrison | Triggered checkpoint 3322 | -5/Garrison | Discovered exit to Factory (range 12) 3522 | -5/Garrison | Triggered checkpoint 3614 | -5/Garrison | Installed Relay Interface Framework 3643 | -5/Garrison | Garrison Relay disabled 3865 | -5/Garrison | Entered Factory 3865 | -5/Factory | Accompanied by 2 allies 3871 | -5/Factory | Identified exit to DSF 3871 | -5/Factory | Entered DSF 3871 | -5/DSF | Accompanied by 2 allies 3896 | -5/DSF | Additional patrols routed to DSF 3955 | -5/DSF | Found Active Sensor Suite 4027 | -5/DSF | Discovered new exit (range 16) 4049 | -5/DSF | Identified exit to Factory 4050 | -5/DSF | Entered Factory 4050 | -4/Factory | Accompanied by 2 allies 4050 | -4/Factory | Evolved 2 slots: Propulsion x1, Utility x1 4063 | -4/Factory | Loaded intel: 8 recycling unit locations 4175 | -4/Factory | Lost 3 parts (1p2w) 4339 | -4/Factory | Identified exit to Garrison 4339 | -4/Factory | Entered Garrison 4339 | -4/Garrison | Accompanied by 2 allies 4584 | -4/Garrison | Spotted Striker 4645 | -4/Garrison | Destroyed Striker 4729 | -4/Garrison | Spotted B-86 Titan 4732 | -4/Garrison | Released all parts (8) 4741 | -4/Garrison | Core integrity fell below 50% 4753 | -4/Garrison | Lost 11 parts (1p3n1u6w) 4761 | -4/Garrison | Core integrity fell below 20% 4766 | -4/Garrison | Expanded RIF knowledge: Robot Detection 4786 | -4/Garrison | Destroyed by G-67 Veteran with Field Laser Last Messages --------------- 04736_ The unstable cave ceiling collapses. 04737_ Slug penetrates Wall. 04737_ Dropped Lrg. Matter Pod. 04738_ System corrupted: Heat flow error (+211). 04738_ The unstable cave ceiling collapses. 04738_ Acquired Prototype Ballistic Cannon. 04739_ Slug penetrates Earth. 04740_ Penetrated by Slug. 04751_ Detecting nearby RIF Installer. 04758_ Knocked back. 04758_ C-35 Carver destroyed. 04760_ System corrupted: Matter fused (-9). Initiating installation procedure... 04766_ Expanded RIF knowledge: Robot Detection. 04767_ Identified Com. Linear Accelerator. 04768_ C-35 Carver destroyed. 04769_ Acquired 7 matter. 04770_ S-27 Virus destroyed. 04782_ Destroyed VTOL Module. 04784_ S-27 Virus destroyed. Map ----- +----------------------------------------------------+ | ????????????????????????????# #?? | | ????????????????????????????# +?? | | ????????????????????????????### ## ^ ## ##??? | | ??????????????????????????????# ## ## ##?+? | | ??????????????????????????#???# ?? | | ?????????????????????????? ???/ ?? | | ?????????????????????????? ???# ?? | | ???+?????????????????????? ???## ## ##++###?+? | | ?????????????????????????? #???# #? #?? #????? | | ?????????????????????????# #???# #??##+#????????? | | ???????????????+???#?+??? ???+ #??????????????? | | ???????????????????# ????# #???# #??????????????? | | ???????????????????# ????# #???# #??????????????? | | ???????????????????# ????# ###?# #??????????????? | | ????????????????#### ##### ### #??????????????? | | ??????????????+?+ !%= #??????????????? | | ????????????????# !/ ##?????????????? | | ????????????????# ###### #####" "##????????????? | | ????????????????????????## #???# "#????????????? | | ?????????????????????????# #??# #????????????? | | ?????????????????????????# #??# #????????????? | | ???????????????????#######g#??# #????????????? | | ???????????????????+ %#??# #????????????? | | ???????????????????#######p##?## ##????????????? | | ????????????????????????#;=;#??#####?????????????? | | ????????????????????????#@%^#????????????????????? | | ????????????????????????#"!"#????????????????????? | | ????????????????????????#" "#????????????????????? | | ????????????????????????#" "#????????????????????? | | ????????????????????????#"""#????????????????????? | | ????????????????????????#####????????????????????? | | ?????????????????????????????????????????????????? | | ?????????????????????????????????????????????????? | | ?????????????????????????????????????????????????? | | ?????????????????????????????????????????????????? | | ?????????????????????????????????????????????????? | | ?????????????????????????????????????????????????? | | ?????????????????????????????????????????????????? | | ?????????????????????????????????????????????????? | | ?????????????????????????????????????????????????? | | ?????????????????????????????????????????????????? | | ?????????????????????????????????????????????????? | | ?????????????????????????????????????????????????? | | ?????????????????????????????????????????????????? | | ?????????????????????????????????????????????????? | | ?????????????????????????????????????????????????? | | ?????????????????????????????????????????????????? | | ?????????????????????????????????????????????????? | | ?????????????????????????????????????????????????? | | ?????????????????????????????????????????????????? | +----------------------------------------------------+ Best States ------------- Heat Dissipation 54 Energy Generation 34 Energy Capacity 315 Matter Stores 300 Matter Capacity 300 Sight Range 16 Robot Scan Range 20 Terrain Scan Range 16 Terrain Scan Density 10 Base Temperature (-) 200 Armor Coverage 150 Evasion (%) 55 Authchip Count 4 Item Schematics ----------------- None Robot Schematics ------------------ None Fabricated ------------ Nothing Repaired ---------- Nothing Studied --------- None Alien Tech Used ----------------- None Achievements -------------- None Challenges ------------ None Game ------ Seed RefineryMolecularFlightbrick Manual? 0 Play Time 00:51:18 Cumulative 122.4 hours Start 2026.01.12 @ 13:20:03 End 2026.01.12 @ 14:08:57 Sessions 1 Manual Loads 0 Difficulty Rogue Special Mode None Game No. 175 Rogue 175 Adventurer 0 Explorer 0 Win Type - Total 1 Types 1/0/0/0/0/0/0/0/0/0 Lore% 61 Gallery% 57 Achievement% 42 Wizard Run 0 Options --------- Layout 2 ASCII 0 Keyboard 0 Movement Mouse Keybinds 0 Fullscreen 1 Font 16/SmallcapsGlow Map View 50x49 Zoom Use 71% Tactical HUD 1 Map Filters NONE Filters NONE Steam SD RUN: e15e7039-2f83-47a2-b957-334ff27ed19e